NULL
Full Scoreboard »»

Sharks vs Golden Knights

Created - November 6, 2023 at 21:32

Goals
1 2 3 T
Sharks 3 1 1 5
Golden Knights 0 0 2 2
Shots
1 2 3 T
Sharks 20 6 9 35
Golden Knights 7 7 4 18

GoalsPenalties
1st period
1. Sharks , Auston Matthews 1 (Nikolaj Ehlers 1) at 0:25 (PP)
2. Sharks , Gustav Nyquist 1 (Auston Matthews 1, Esa Lindell 1) at 18:52
3. Sharks , Carl Grundstrom 1 (Travis Sanheim 1) at 19:42
Joel Farabee (VGK) for Fighting (Major) at 0:13
Esa Lindell (SJS) for Fighting (Major) at 0:13
Joel Farabee (VGK) for instigated a fight (Minor) at 0:13
Joel Farabee (VGK) for instigated a fight (10 Minutes Misconduct) at 0:13
Ryan Leonard (VGK) for Roughing (Minor) at 0:47
Mike Matheson (VGK) for Interference (Minor) at 12:12
2nd period
4. Sharks , Auston Matthews 2 (Gustav Nyquist 1) at 4:52 (PP)
Alex DeBrincat (VGK) for Fighting (Major) at 4:38
Carl Grundstrom (SJS) for Fighting (Major) at 4:38
Alex DeBrincat (VGK) for instigated a fight (Minor) at 4:38
Alex DeBrincat (VGK) for instigated and being the aggresor in a fight (20 Minutes Game Misconduct) at 4:38
Nathan Bastian (VGK) for Tripping (Minor) at 10:50
Mike Matheson (VGK) for Fighting (Major) at 18:32
Brendan Lemieux (SJS) for Fighting (Major) at 18:32
3rd period
5. Sharks , Frederick Gaudreau 1 (Sidney Crosby 1, Mark Giordano 1) at 2:04 (PP)
6. Golden Knights , Mark Stone 3 (Tomas Hertl 1, Taylor Raddysh 1) at 3:15
7. Golden Knights , Taylor Raddysh 1 (Mark Stone 1) at 10:11
Joel Farabee (VGK) for Slashing (Minor) at 1:28
Shane Pinto (VGK) for Fighting (Major) at 2:09
Auston Matthews (SJS) for Fighting (Major) at 2:09
Sidney Crosby (SJS) for Roughing (Minor) at 4:24
Tomas Hertl (VGK) for Fighting (Major) at 9:34
Rasmus Ristolainen (SJS) for Fighting (Major) at 9:34
Joel Farabee (VGK) for Hooking (Minor) at 13:07
Goalie Stats
Semyon Varlamov (SJS), 16 saves from 18 shots - (0.889), W, 1-0-0, 60:00 minutes
Sergei Bobrovsky (VGK), 30 saves from 35 shots - (0.857), L, 1-1-0, 60:00 minutes
3 StarsOfficial
1 - Gustav Nyquist (SJS)
2 - Mark Stone (VGK)
3 - Auston Matthews (SJS)
Referees : Unknown
Linesman : Unknown
Game Note
Joel Farabee beats up Esa Lindell at 0:13 of 1st period
Alex DeBrincat and Carl Grundstrom fight to a draw at 4:38 of 2nd period
Alex DeBrincat (VGK) for instigated and being the aggresor in a fight (20 Minutes Game Misconduct) at 4:38
Alex DeBrincat ejected from game at 4:38 of 2nd period
Brendan Lemieux beats up Mike Matheson at 18:32 of 2nd period
Shane Pinto beats up Auston Matthews at 2:09 of 3rd period
Tomas Hertl beats up Rasmus Ristolainen at 9:34 of 3rd period



Team Name Goals Shots Shots Attemp Shots Blocked PIM HIT PP PK FO%
Sharks 53568827343 / 7 (43%)050%
Golden Knights 218401269260 / 1 (0%)350%

Sharks
Player Name POS G A P +/- PIM HIT SHT SB MP PP MP PP SHT PK MP PK SHT FO% FOT GA TA
Auston MatthewsC/LW/RW2130514018:214:3920:00053% 1730
Brendan LemieuxLW/RW000050209:410:0000:0700% 200
Carl GrundstromRW1010514012:140:0000:5500% 010
Daniil ButLW0000030018:564:1900:00025% 400
Derek StepanC/LW/RW000000009:290:0000:55075% 400
Dustin BrownLW/RW0000020013:220:0000:570100% 220
Esa LindellD0110521219:143:0801:0110% 000
Frederick GaudreauC/LW/RW1010013118:324:1910:0700% 110
Gustav NyquistC/LW/RW1120045019:014:3900:0000% 110
Mark GiordanoD011-1002021:374:4200:0000% 002
Nick RitchieLW000002008:280:0000:0000% 000
Nikolaj EhlersLW/RW0110033018:374:3900:0000% 110
Noel AcciariC/LW/RW0000022013:220:0000:570100% 200
Philip BrobergD0001001218:341:0100:5800% 003
Rasmus RistolainenD0000530117:300:0001:0100% 011
Sidney CrosbyC/LW/RW0110236018:064:1910:00050% 1820
Travis SanheimD0110032022:516:2100:5800% 010
William BorgenD0000040220:002:4400:0000% 000
Golden Knights
Player Name POS G A P +/- PIM HIT SHT SB MP PP MP PP SHT PK MP PK SHT FO% FOT GA TA
Alex DeBrincatC/LW/RW0000270207:080:0000:2900% 010
Brett PesceD0000000120:120:0004:5300% 000
Jared SpurgeonD0000010322:150:3504:5400% 001
Joel FarabeeLW00002110012:240:5700:0000% 000
Josh AndersonRW000-1042018:130:4704:4510% 021
Josh MorrisseyD0000011119:141:2400:4800% 001
Kieffer BellowsLW000-102026:400:0000:0000% 000
Mark StoneLW/RW1122032116:080:5700:0000% 100
Mike MathesonD000-1710219:461:2403:0900% 001
Nathan BastianRW000-120106:520:0000:0000% 101
Nick BlankenburgD0000000020:480:0004:1200% 002
Owen PowerD0001010018:040:3500:0000% 001
Patrick BrownC0000041018:570:4704:24050% 601
Pius SuterC000-1022017:090:2504:05064% 1401
Ryan LeonardC/LW/RW0000213017:261:0200:0800% 000
Shane PintoC0000531015:440:0000:00042% 1911
Taylor RaddyshLW/RW1121013019:070:0004:0500% 011
Tomas HertlC/LW/RW0111510214:521:0200:07055% 1111

Sharks

5 vs 5 Forward
Line #Left WingCenterRight WingPHYDFOFWanted %Time %Time Play
1Daniil ButSidney CrosbyNikolaj Ehlers1223528%13:58
2Gustav NyquistAuston MatthewsFrederick Gaudreau1223529%14:12
3Dustin BrownNoel AcciariCarl Grundstrom1222025%12:25
4Nick RitchieDerek StepanBrendan Lemieux1221017%8:28
5 vs 5 Defense
Line #DefenseDefensePHYDFOFWanted %Time %Time Play
1Mark GiordanoRasmus Ristolainen1223535%17:24
2Esa LindellTravis Sanheim1223534%16:54
3William BorgenPhilip Broberg1223030%14:45
4Mark GiordanoRasmus Ristolainen12200%0:00
Power Play Forward
Line #Left WingCenterRight WingPHYDFOFWanted %Time %Time Play
1Gustav NyquistAuston MatthewsNikolaj Ehlers1135052%4:39
2Daniil ButSidney CrosbyFrederick Gaudreau1135048%4:19
Power Play Defense
Line #DefenseDefensePHYDFOFWanted %Time %Time Play
1Mark GiordanoTravis Sanheim1225051%4:32
2Esa LindellTravis Sanheim1225049%4:26
Penalty Kill 4 Players Forward
Line #CenterWingPHYDFOFWanted %Time %Time Play
1Noel AcciariDustin Brown1225048%0:57
2Derek StepanCarl Grundstrom1225052%1:02
Penalty Kill 4 Players Defense
Line #DefenseDefensePHYDFOFWanted %Time %Time Play
1Esa LindellRasmus Ristolainen1225051%1:01
2Philip BrobergTravis Sanheim1225049%0:58
Penalty Kill 3 Players
Line #WingPHYDFOFWanted %Time %Time PlayDefenseDefensePHYDFOFWanted %Time %Time Play
1Derek Stepan122500%0:00 Mark GiordanoRasmus Ristolainen122500%0:00
2Noel Acciari122500%0:00 Esa LindellTravis Sanheim122500%0:00
4 vs 4 Forward
Line #CenterWingPHYDFOFWanted %Time %Time Play
1Sidney CrosbyDaniil But122500%0:00
2Auston MatthewsNikolaj Ehlers122500%0:00
4 vs 4 Defense
Line #DefensePHYDFOFWanted %Time %Time Play
1Esa LindellMark Giordano122500%0:00
2Rasmus RistolainenTravis Sanheim122500%0:00
Last Minutes Offensive
Left WingCenterRight WingDefenseDefense
Auston MatthewsSidney CrosbyNikolaj EhlersMark GiordanoEsa Lindell
Last Minutes Defensive
Left WingCenterRight WingDefenseDefense
Frederick GaudreauAuston MatthewsDustin BrownEsa LindellRasmus Ristolainen
Time
Total ForwardTotal DefenseLast Minutes OffensiveLast Minutes Defensive
60:00 60:00 0:000:00
Extra Forwards
Normal PowerPlayPenalty Kill
Brendan Lemieux, Daniil But, Noel AcciariBrendan Lemieux, Daniil ButNoel Acciari
Extra Defensemen
Normal PowerPlayPenalty Kill
William Borgen, Philip Broberg, Esa LindellWilliam Borgen, Philip BrobergEsa Lindell
Penalty Shots
Frederick Gaudreau, Auston Matthews, Sidney Crosby, Gustav Nyquist, Carl Grundstrom
Goalie
Semyon Varlamov, Alex Lyon
Custom OT Lines Forwards
Auston Matthews, Sidney Crosby, Nikolaj Ehlers, Dustin Brown, Gustav Nyquist, Frederick Gaudreau, Daniil But, Noel Acciari, Nick Ritchie, Derek Stepan
Custom OT Lines Defensemen
Mark Giordano, Rasmus Ristolainen, Esa Lindell, Travis Sanheim, William Borgen
Scratches
Albert Wikman (Healthy), Aleksandr Kisakov (Healthy)

Golden Knights

5 vs 5 Forward
Line #Left WingCenterRight WingPHYDFOFWanted %Time %Time Play
1Mark StoneTomas HertlAlex DeBrincat1223232%15:40
2Joel FarabeeShane PintoRyan Leonard1223230%14:34
3Taylor RaddyshPius SuterJosh Anderson1222625%12:16
4Kieffer BellowsPatrick BrownNathan Bastian1221013%6:33
5 vs 5 Defense
Line #DefenseDefensePHYDFOFWanted %Time %Time Play
1Mike MathesonJosh Morrissey1223434%16:41
2Jared SpurgeonBrett Pesce1223333%16:10
3Owen PowerNick Blankenburg1223333%16:12
4Mike MathesonJosh Morrissey12200%0:00
Power Play Forward
Line #Left WingCenterRight WingPHYDFOFWanted %Time %Time Play
1Ryan LeonardTomas HertlAlex DeBrincat1135552%1:02
2Joel FarabeeShane PintoMark Stone1224548%0:57
Power Play Defense
Line #DefenseDefensePHYDFOFWanted %Time %Time Play
1Josh MorrisseyMike Matheson1225071%1:24
2Jared SpurgeonOwen Power1225029%0:35
Penalty Kill 4 Players Forward
Line #CenterWingPHYDFOFWanted %Time %Time Play
1Pius SuterTaylor Raddysh1225047%4:13
2Patrick BrownJosh Anderson1225053%4:45
Penalty Kill 4 Players Defense
Line #DefenseDefensePHYDFOFWanted %Time %Time Play
1Brett PesceJared Spurgeon1225552%4:38
2Mike MathesonNick Blankenburg1224548%4:20
Penalty Kill 3 Players
Line #WingPHYDFOFWanted %Time %Time PlayDefenseDefensePHYDFOFWanted %Time %Time Play
1Patrick Brown122500%0:00 Mike MathesonJosh Morrissey122500%0:00
2Pius Suter122500%0:00 Jared SpurgeonBrett Pesce122500%0:00
4 vs 4 Forward
Line #CenterWingPHYDFOFWanted %Time %Time Play
1Tomas HertlMark Stone122500%0:00
2Alex DeBrincatJosh Anderson122500%0:00
4 vs 4 Defense
Line #DefensePHYDFOFWanted %Time %Time Play
1Mike MathesonJosh Morrissey122500%0:00
2Nick BlankenburgOwen Power122500%0:00
Last Minutes Offensive
Left WingCenterRight WingDefenseDefense
Alex DeBrincatTomas HertlRyan LeonardOwen PowerJosh Morrissey
Last Minutes Defensive
Left WingCenterRight WingDefenseDefense
Mark StoneTomas HertlNathan BastianBrett PesceJared Spurgeon
Time
Total ForwardTotal DefenseLast Minutes OffensiveLast Minutes Defensive
60:00 60:00 0:000:00
Extra Forwards
Normal PowerPlayPenalty Kill
Patrick Brown, Shane Pinto, Taylor RaddyshPatrick Brown, Shane PintoTaylor Raddysh
Extra Defensemen
Normal PowerPlayPenalty Kill
Owen Power, Nick Blankenburg, Jared SpurgeonOwen Power, Nick BlankenburgJared Spurgeon
Penalty Shots
Mark Stone, Alex DeBrincat, Pius Suter, Josh Anderson, Mike Matheson
Goalie
Sergei Bobrovsky, Anthony Stolarz
Custom OT Lines Forwards
Tomas Hertl, Mark Stone, Alex DeBrincat, Josh Anderson, Ryan Leonard, Shane Pinto, Taylor Raddysh, Joel Farabee, Pius Suter, Nathan Bastian
Custom OT Lines Defensemen
Mike Matheson, Josh Morrissey, Jared Spurgeon, Brett Pesce, Owen Power
Scratches
Aku Raty (Healthy), Mikko Koskinen (Healthy)


Play-by-Play

1st period


0:01 of 1st period - Tomas Hertl wins face-off versus Nikolaj Ehlers in neutral zone.
0:12 of 1st period - Snap shot by Nikolaj Ehlers.
0:12 of 1st period - Stopped by Sergei Bobrovsky without a rebound.
0:13 of 1st period - Auston Matthews wins face-off versus Shane Pinto in Golden Knights zone.
0:13 of 1st period - Joel Farabee beats up Esa Lindell.
0:13 of 1st period - Penalty to Joel Farabee for Fighting.
0:13 of 1st period - Penalty to Esa Lindell for Fighting.
0:13 of 1st period - Penalty to Joel Farabee for instigated a fight.
0:13 of 1st period - Penalty to Joel Farabee for instigated a fight.
0:14 of 1st period - Pius Suter wins face-off versus Auston Matthews in Golden Knights zone.
0:25 of 1st period - Snap shot by Auston Matthews.
0:25 of 1st period - Goal by Auston Matthews - Sharks : 1 - Golden Knights : 0.
0:26 of 1st period - Auston Matthews wins face-off versus Shane Pinto in neutral zone.
0:37 of 1st period - Slapshot by Gustav Nyquist.
0:37 of 1st period - Shot Misses the Net.
0:47 of 1st period - Minor Penalty to Ryan Leonard for Roughing.
0:48 of 1st period - Pius Suter wins face-off versus Sidney Crosby in Golden Knights zone.
2:47 of 1st period - Penalty to Ryan Leonard is over, Ryan Leonard is back on ice.
2:57 of 1st period - William Borgen is hit by Shane Pinto and loses puck.
3:18 of 1st period - Slapshot by Auston Matthews.
3:18 of 1st period - Shot Blocked by Jared Spurgeon.
3:36 of 1st period - Wrist shot by Nathan Bastian.
3:36 of 1st period - Shot Blocked by Rasmus Ristolainen.
5:00 of 1st period - Nikolaj Ehlers is hit by Kieffer Bellows and loses puck.
5:23 of 1st period - Josh Morrissey is hit by Carl Grundstrom and loses puck.
5:38 of 1st period - Wrist shot by Alex DeBrincat.
5:38 of 1st period - Stopped by Semyon Varlamov without a rebound.
5:39 of 1st period - Derek Stepan wins face-off versus Patrick Brown in Sharks zone.
5:39 of 1st period - Derek Stepan is hit by Patrick Brown.
6:02 of 1st period - Taylor Raddysh is hit by Rasmus Ristolainen.
6:06 of 1st period - Taylor Raddysh is hit by Frederick Gaudreau and loses puck.
6:11 of 1st period - Snap shot by Gustav Nyquist.
6:11 of 1st period - Stopped by Sergei Bobrovsky without a rebound.
6:12 of 1st period - Tomas Hertl wins face-off versus Sidney Crosby in Golden Knights zone.
6:21 of 1st period - Wrist shot by Nikolaj Ehlers.
6:21 of 1st period - Stopped by Sergei Bobrovsky with a rebound.
6:23 of 1st period - Slapshot by Travis Sanheim.
6:23 of 1st period - Stopped by Sergei Bobrovsky with a rebound.
6:25 of 1st period - Snap shot by Esa Lindell.
6:25 of 1st period - Deflect By Sidney Crosby.
6:25 of 1st period - Stopped by Sergei Bobrovsky with a rebound.
6:27 of 1st period - Slapshot by Travis Sanheim.
6:27 of 1st period - Stopped by Sergei Bobrovsky with a rebound.
6:48 of 1st period - Wrist shot by Shane Pinto.
6:48 of 1st period - Stopped by Semyon Varlamov without a rebound.
6:49 of 1st period - Daniil But wins face-off versus Pius Suter in Sharks zone.
7:47 of 1st period - Off-side.
7:48 of 1st period - Pius Suter wins face-off versus Auston Matthews in neutral zone.
8:33 of 1st period - Wrist shot by Ryan Leonard.
8:33 of 1st period - Stopped by Semyon Varlamov without a rebound.
8:34 of 1st period - Derek Stepan wins face-off versus Shane Pinto in Sharks zone.
9:50 of 1st period - Wrist shot by Dustin Brown.
9:50 of 1st period - Shot Misses the Net.
9:52 of 1st period - Wrist shot by Noel Acciari.
9:52 of 1st period - Stopped by Sergei Bobrovsky with a rebound.
10:27 of 1st period - Snap shot by Nick Ritchie.
10:27 of 1st period - Shot Blocked by Kieffer Bellows.
10:41 of 1st period - Taylor Raddysh is hit by Daniil But and loses puck.
11:00 of 1st period - Taylor Raddysh is hit by Travis Sanheim and loses puck.
11:13 of 1st period - Snap shot by Taylor Raddysh.
11:13 of 1st period - Stopped by Semyon Varlamov without a rebound.
11:14 of 1st period - Tomas Hertl wins face-off versus Auston Matthews in Sharks zone.
11:41 of 1st period - Gustav Nyquist is hit by Shane Pinto and loses puck.
11:48 of 1st period - Slapshot by Ryan Leonard.
11:48 of 1st period - Deflect By Shane Pinto.
11:48 of 1st period - Shot Misses the Net.
11:48 of 1st period - Puck is out of play.
11:49 of 1st period - Pius Suter wins face-off versus Daniil But in Sharks zone.
11:50 of 1st period - Snap shot by Josh Anderson.
11:50 of 1st period - Stopped by Semyon Varlamov without a rebound.
11:51 of 1st period - Sidney Crosby wins face-off versus Pius Suter in Sharks zone.
12:12 of 1st period - Minor Penalty to Mike Matheson for Interference.
12:13 of 1st period - Sidney Crosby wins face-off versus Pius Suter in Golden Knights zone.
12:16 of 1st period - Backhand shot by Sidney Crosby.
12:16 of 1st period - Stopped by Sergei Bobrovsky without a rebound.
12:17 of 1st period - Pius Suter wins face-off versus Sidney Crosby in Golden Knights zone.
14:07 of 1st period - Mark Giordano is hit by Josh Morrissey and loses puck.
14:12 of 1st period - Penalty to Mike Matheson is over, Mike Matheson is back on ice.
14:32 of 1st period - Backhand shot by Nick Ritchie.
14:32 of 1st period - Deflect By Brendan Lemieux.
14:32 of 1st period - Shot Misses the Net.
14:32 of 1st period - Puck is out of play.
14:33 of 1st period - Dustin Brown wins face-off versus Tomas Hertl in Golden Knights zone.
14:38 of 1st period - Snap shot by Carl Grundstrom.
14:38 of 1st period - Shot Blocked by Tomas Hertl.
15:05 of 1st period - Slapshot by Nick Ritchie.
15:05 of 1st period - Shot Misses the Net.
15:13 of 1st period - 10 Minutes Misconduct Penalty to Joel Farabee is over.
15:17 of 1st period - Snap shot by Taylor Raddysh.
15:17 of 1st period - Stopped by Semyon Varlamov with a rebound.
15:31 of 1st period - Brett Pesce is hit by Esa Lindell and loses puck.
15:52 of 1st period - Slapshot by Tomas Hertl.
15:52 of 1st period - Shot Misses the Net.
16:53 of 1st period - Slapshot by Josh Morrissey.
16:53 of 1st period - Stopped by Semyon Varlamov with a rebound.
16:55 of 1st period - Slapshot by Patrick Brown.
16:55 of 1st period - Shot Blocked by William Borgen.
17:05 of 1st period - Dustin Brown is hit by Mark Stone and loses puck.
17:30 of 1st period - Philip Broberg is hit by Shane Pinto and loses puck.
17:45 of 1st period - Philip Broberg is hit by Josh Anderson and loses puck.
18:06 of 1st period - Wrist shot by Gustav Nyquist.
18:06 of 1st period - Stopped by Sergei Bobrovsky with a rebound.
18:08 of 1st period - Wrist shot by Frederick Gaudreau.
18:08 of 1st period - Stopped by Sergei Bobrovsky with a rebound.
18:10 of 1st period - Snap shot by Auston Matthews.
18:10 of 1st period - Stopped by Sergei Bobrovsky with a rebound.
18:12 of 1st period - Slapshot by Mark Giordano.
18:12 of 1st period - Stopped by Sergei Bobrovsky with a rebound.
18:14 of 1st period - Slapshot by Mark Giordano.
18:14 of 1st period - Stopped by Sergei Bobrovsky with a rebound.
18:16 of 1st period - Backhand shot by Frederick Gaudreau.
18:16 of 1st period - Shot Misses the Net.
18:18 of 1st period - Snap shot by Auston Matthews.
18:18 of 1st period - Shot Blocked by Mike Matheson.
18:20 of 1st period - Slapshot by Rasmus Ristolainen.
18:20 of 1st period - Shot Misses the Net.
18:22 of 1st period - Wrist shot by Frederick Gaudreau.
18:22 of 1st period - Shot Misses the Net.
18:24 of 1st period - Wrist shot by Rasmus Ristolainen.
18:24 of 1st period - Shot Misses the Net.
18:26 of 1st period - Snap shot by Frederick Gaudreau.
18:26 of 1st period - Stopped by Sergei Bobrovsky with a rebound.
18:50 of 1st period - Snap shot by Gustav Nyquist.
18:50 of 1st period - Stopped by Sergei Bobrovsky with a rebound.
18:52 of 1st period - Wrist shot by Gustav Nyquist.
18:52 of 1st period - Goal by Gustav Nyquist - Sharks : 2 - Golden Knights : 0.
18:53 of 1st period - Shane Pinto wins face-off versus Sidney Crosby in neutral zone.
19:18 of 1st period - Alex DeBrincat is hit by Rasmus Ristolainen and loses puck.
19:33 of 1st period - Alex DeBrincat is hit by Noel Acciari and loses puck.
19:42 of 1st period - Wrist shot by Carl Grundstrom.
19:42 of 1st period - Goal by Carl Grundstrom - Sharks : 3 - Golden Knights : 0.
19:43 of 1st period - Sidney Crosby wins face-off versus Shane Pinto in neutral zone.
19:48 of 1st period - Wrist shot by Nikolaj Ehlers.
19:48 of 1st period - Stopped by Sergei Bobrovsky with a rebound.
19:54 of 1st period - Wrist shot by Sidney Crosby.
19:54 of 1st period - Stopped by Sergei Bobrovsky without a rebound.
19:55 of 1st period - Tomas Hertl wins face-off versus Sidney Crosby in Golden Knights zone.
Goals for this period are 3 for Sharks vs 0 for Golden Knights.
Shots for this period are 20 for Sharks vs 7 for Golden Knights.

2nd period


0:01 of 2nd period - Tomas Hertl wins face-off versus Sidney Crosby in neutral zone.
0:08 of 2nd period - Wrist shot by Alex DeBrincat.
0:08 of 2nd period - Stopped by Semyon Varlamov without a rebound.
0:09 of 2nd period - Tomas Hertl wins face-off versus Sidney Crosby in Sharks zone.
0:20 of 2nd period - Wrist shot by Nikolaj Ehlers.
0:20 of 2nd period - Shot Misses the Net.
0:22 of 2nd period - Snap shot by Nikolaj Ehlers.
0:22 of 2nd period - Shot Misses the Net.
0:42 of 2nd period - Wrist shot by Nikolaj Ehlers.
0:42 of 2nd period - Shot Misses the Net.
0:44 of 2nd period - Slapshot by Nikolaj Ehlers.
0:44 of 2nd period - Shot Blocked by Jared Spurgeon.
0:46 of 2nd period - Slapshot by Rasmus Ristolainen.
0:46 of 2nd period - Deflect By Sidney Crosby.
0:46 of 2nd period - Stopped by Sergei Bobrovsky without a rebound.
0:47 of 2nd period - Shane Pinto wins face-off versus Auston Matthews in Golden Knights zone.
0:47 of 2nd period - Shane Pinto is hit by Gustav Nyquist.
0:57 of 2nd period - Mike Matheson is hit by Gustav Nyquist.
1:13 of 2nd period - William Borgen is hit by Josh Anderson and loses puck.
2:20 of 2nd period - Slapshot by Nick Blankenburg.
2:20 of 2nd period - Shot Blocked by Frederick Gaudreau.
2:51 of 2nd period - Snap shot by Tomas Hertl.
2:51 of 2nd period - Shot Misses the Net.
2:53 of 2nd period - Wrist shot by Alex DeBrincat.
2:53 of 2nd period - Shot Blocked by Philip Broberg.
2:55 of 2nd period - Wrist shot by Mark Stone.
2:55 of 2nd period - Shot Misses the Net.
2:57 of 2nd period - Snap shot by Mark Stone.
2:57 of 2nd period - Stopped by Semyon Varlamov with a rebound.
3:19 of 2nd period - Snap shot by Nikolaj Ehlers.
3:19 of 2nd period - Deflect By Brett Pesce.
3:19 of 2nd period - Shot Misses the Net.
3:19 of 2nd period - Puck is out of play.
3:20 of 2nd period - Sidney Crosby wins face-off versus Shane Pinto in Golden Knights zone.
3:45 of 2nd period - Esa Lindell is hit by Pius Suter and loses puck.
3:58 of 2nd period - Slapshot by Pius Suter.
3:58 of 2nd period - Stopped by Semyon Varlamov without a rebound.
3:59 of 2nd period - Auston Matthews wins face-off versus Shane Pinto in Sharks zone.
4:18 of 2nd period - Mark Giordano is hit by Joel Farabee and loses puck.
4:37 of 2nd period - Off-side.
4:38 of 2nd period - Noel Acciari wins face-off versus Tomas Hertl in neutral zone.
4:38 of 2nd period - Alex DeBrincat and Carl Grundstrom fight to a draw.
4:38 of 2nd period - Penalty to Alex DeBrincat for Fighting.
4:38 of 2nd period - Penalty to Carl Grundstrom for Fighting.
4:38 of 2nd period - Penalty to Alex DeBrincat for instigated a fight.
4:38 of 2nd period - Penalty to Alex DeBrincat for instigated and being the aggresor in a fight.
4:38 of 2nd period - Alex DeBrincat is ejected from game.
4:39 of 2nd period - Pius Suter wins face-off versus Auston Matthews in neutral zone.
4:52 of 2nd period - Wrist shot by Auston Matthews.
4:52 of 2nd period - Goal by Auston Matthews - Sharks : 4 - Golden Knights : 0.
4:53 of 2nd period - Auston Matthews wins face-off versus Shane Pinto in neutral zone.
4:56 of 2nd period - Ryan Leonard is hit by Auston Matthews and loses puck.
5:07 of 2nd period - Snap shot by Ryan Leonard.
5:07 of 2nd period - Stopped by Semyon Varlamov with a rebound.
5:16 of 2nd period - Icing by Gustav Nyquist.
5:17 of 2nd period - Auston Matthews wins face-off versus Mark Stone in Sharks zone.
6:11 of 2nd period - Wrist shot by Mark Stone.
6:11 of 2nd period - Shot Blocked by Esa Lindell.
6:51 of 2nd period - Wrist shot by Brendan Lemieux.
6:51 of 2nd period - Shot Misses the Net.
6:53 of 2nd period - Snap shot by Derek Stepan.
6:53 of 2nd period - Shot Blocked by Brett Pesce.
7:23 of 2nd period - Mike Matheson is hit by William Borgen and loses puck.
8:34 of 2nd period - Wrist shot by Sidney Crosby.
8:34 of 2nd period - Stopped by Sergei Bobrovsky with a rebound.
9:42 of 2nd period - Snap shot by Ryan Leonard.
9:42 of 2nd period - Shot Misses the Net.
10:18 of 2nd period - Taylor Raddysh is hit by Nick Ritchie and loses puck.
10:50 of 2nd period - Minor Penalty to Nathan Bastian for Tripping.
10:51 of 2nd period - Pius Suter wins face-off versus Auston Matthews in Golden Knights zone.
11:23 of 2nd period - Snap shot by Josh Anderson.
11:23 of 2nd period - Stopped by Semyon Varlamov without a rebound.
11:24 of 2nd period - Pius Suter wins face-off versus Sidney Crosby in Sharks zone.
11:24 of 2nd period - Pius Suter is hit by Esa Lindell.
11:28 of 2nd period - Snap shot by Taylor Raddysh.
11:28 of 2nd period - Shot Misses the Net.
11:49 of 2nd period - Josh Anderson is hit by Gustav Nyquist and loses puck.
12:50 of 2nd period - Penalty to Nathan Bastian is over, Nathan Bastian is back on ice.
12:50 of 2nd period - Pius Suter is hit by Gustav Nyquist and loses puck.
13:06 of 2nd period - Snap shot by Pius Suter.
13:06 of 2nd period - Stopped by Semyon Varlamov without a rebound.
13:07 of 2nd period - Shane Pinto wins face-off versus Brendan Lemieux in Sharks zone.
13:16 of 2nd period - Slapshot by Philip Broberg.
13:16 of 2nd period - Stopped by Sergei Bobrovsky with a rebound.
13:32 of 2nd period - Philip Broberg is hit by Patrick Brown and loses puck.
14:23 of 2nd period - Ryan Leonard is hit by Travis Sanheim and loses puck.
15:09 of 2nd period - Pius Suter is hit by Nikolaj Ehlers.
15:13 of 2nd period - Slapshot by Sidney Crosby.
15:13 of 2nd period - Stopped by Sergei Bobrovsky with a rebound.
15:33 of 2nd period - Ryan Leonard is hit by Rasmus Ristolainen and loses puck.
16:53 of 2nd period - Dustin Brown is hit by Pius Suter.
17:09 of 2nd period - Slapshot by Derek Stepan.
17:09 of 2nd period - Shot Blocked by Tomas Hertl.
17:11 of 2nd period - Snap shot by Brendan Lemieux.
17:11 of 2nd period - Stopped by Sergei Bobrovsky without a rebound.
17:12 of 2nd period - Auston Matthews wins face-off versus Nathan Bastian in Golden Knights zone.
17:37 of 2nd period - Josh Morrissey is hit by Nikolaj Ehlers and loses puck.
18:04 of 2nd period - Mark Giordano is hit by Josh Anderson and loses puck.
18:16 of 2nd period - Icing by Brendan Lemieux.
18:17 of 2nd period - Shane Pinto wins face-off versus Derek Stepan in Sharks zone.
18:22 of 2nd period - Snap shot by Ryan Leonard.
18:22 of 2nd period - Stopped by Semyon Varlamov without a rebound.
18:23 of 2nd period - Shane Pinto wins face-off versus Brendan Lemieux in Sharks zone.
18:32 of 2nd period - Brendan Lemieux beats up Mike Matheson.
18:32 of 2nd period - Penalty to Mike Matheson for Fighting.
18:32 of 2nd period - Penalty to Brendan Lemieux for Fighting.
18:33 of 2nd period - Shane Pinto wins face-off versus Auston Matthews in Golden Knights zone.
18:58 of 2nd period - Esa Lindell is hit by Tomas Hertl and loses puck.
19:38 of 2nd period - 10 Minutes Misconduct Penalty to Alex DeBrincat is over.
Goals for this period are 1 for Sharks vs 0 for Golden Knights.
Shots for this period are 6 for Sharks vs 7 for Golden Knights.

3rd period


0:01 of 3rd period - Auston Matthews wins face-off versus Shane Pinto in neutral zone.
0:06 of 3rd period - Snap shot by Auston Matthews.
0:06 of 3rd period - Stopped by Sergei Bobrovsky with a rebound.
0:08 of 3rd period - Snap shot by Auston Matthews.
0:08 of 3rd period - Shot Blocked by Jared Spurgeon.
1:20 of 3rd period - Snap shot by Derek Stepan.
1:20 of 3rd period - Shot Misses the Net.
1:22 of 3rd period - Wrist shot by Nick Ritchie.
1:22 of 3rd period - Shot Misses the Net.
1:28 of 3rd period - Minor Penalty to Joel Farabee for Slashing.
1:29 of 3rd period - Pius Suter wins face-off versus Auston Matthews in Golden Knights zone.
1:46 of 3rd period - Patrick Brown is hit by Nikolaj Ehlers and loses puck.
1:56 of 3rd period - Off-side.
1:57 of 3rd period - Sidney Crosby wins face-off versus Pius Suter in neutral zone.
2:04 of 3rd period - Wrist shot by Frederick Gaudreau.
2:04 of 3rd period - Goal by Frederick Gaudreau - Sharks : 5 - Golden Knights : 0.
2:05 of 3rd period - Auston Matthews wins face-off versus Shane Pinto in neutral zone.
2:09 of 3rd period - Shane Pinto beats up Auston Matthews.
2:09 of 3rd period - Penalty to Shane Pinto for Fighting.
2:09 of 3rd period - Penalty to Auston Matthews for Fighting.
2:10 of 3rd period - Patrick Brown wins face-off versus Daniil But in Golden Knights zone.
2:10 of 3rd period - Patrick Brown is hit by Daniil But.
2:20 of 3rd period - Slapshot by Ryan Leonard.
2:20 of 3rd period - Deflect By Patrick Brown.
2:20 of 3rd period - Stopped by Semyon Varlamov with a rebound.
2:22 of 3rd period - Slapshot by Owen Power.
2:22 of 3rd period - Shot Misses the Net.
2:24 of 3rd period - Slapshot by Owen Power.
2:24 of 3rd period - Shot Misses the Net.
2:51 of 3rd period - Dustin Brown is hit by Mark Stone and loses puck.
3:15 of 3rd period - Snap shot by Mark Stone.
3:15 of 3rd period - Goal by Mark Stone - Sharks : 5 - Golden Knights : 1.
3:16 of 3rd period - Sidney Crosby wins face-off versus Patrick Brown in neutral zone.
3:16 of 3rd period - Sidney Crosby is hit by Patrick Brown.
3:59 of 3rd period - Jared Spurgeon is hit by William Borgen and loses puck.
4:24 of 3rd period - Minor Penalty to Sidney Crosby for Roughing.
4:25 of 3rd period - Noel Acciari wins face-off versus Tomas Hertl in Sharks zone.
4:42 of 3rd period - Snap shot by Noel Acciari.
4:42 of 3rd period - Shot Misses the Net.
4:44 of 3rd period - Wrist shot by Noel Acciari.
4:44 of 3rd period - Shot Blocked by Mark Stone.
4:46 of 3rd period - Wrist shot by Esa Lindell.
4:46 of 3rd period - Stopped by Sergei Bobrovsky with a rebound.
4:48 of 3rd period - Slapshot by Rasmus Ristolainen.
4:48 of 3rd period - Shot Misses the Net.
4:50 of 3rd period - Snap shot by Travis Sanheim.
4:50 of 3rd period - Shot Blocked by Josh Morrissey.
5:21 of 3rd period - Dustin Brown is hit by Ryan Leonard and loses puck.
5:28 of 3rd period - Josh Anderson is hit by Dustin Brown and loses puck.
5:39 of 3rd period - Slapshot by Josh Morrissey.
5:39 of 3rd period - Shot Misses the Net.
5:41 of 3rd period - Snap shot by Joel Farabee.
5:41 of 3rd period - Shot Misses the Net.
6:24 of 3rd period - Penalty to Sidney Crosby is over, Sidney Crosby is back on ice.
6:27 of 3rd period - Snap shot by Sidney Crosby.
6:27 of 3rd period - Shot Misses the Net.
6:29 of 3rd period - Snap shot by Travis Sanheim.
6:29 of 3rd period - Deflect By Sidney Crosby.
6:29 of 3rd period - Shot Blocked by Kieffer Bellows.
6:29 of 3rd period - Puck is out of play.
6:30 of 3rd period - Patrick Brown wins face-off versus Sidney Crosby in Golden Knights zone.
6:30 of 3rd period - Nathan Bastian is hit by Sidney Crosby and loses puck.
6:47 of 3rd period - Daniil But is hit by Josh Anderson and loses puck.
7:38 of 3rd period - Pius Suter is hit by Dustin Brown and loses puck.
7:51 of 3rd period - Ryan Leonard is hit by Travis Sanheim and loses puck.
7:56 of 3rd period - Snap shot by Nick Ritchie.
7:56 of 3rd period - Deflect By Brendan Lemieux.
7:56 of 3rd period - Stopped by Sergei Bobrovsky with a rebound.
9:16 of 3rd period - Shane Pinto is hit by William Borgen and loses puck.
9:21 of 3rd period - Wrist shot by Carl Grundstrom.
9:21 of 3rd period - Deflect By Brett Pesce.
9:21 of 3rd period - Stopped by Sergei Bobrovsky without a rebound.
9:22 of 3rd period - Sidney Crosby wins face-off versus Tomas Hertl in Golden Knights zone.
9:34 of 3rd period - Tomas Hertl beats up Rasmus Ristolainen.
9:34 of 3rd period - Penalty to Tomas Hertl for Fighting.
9:34 of 3rd period - Penalty to Rasmus Ristolainen for Fighting.
9:35 of 3rd period - Shane Pinto wins face-off versus Gustav Nyquist in Golden Knights zone.
9:35 of 3rd period - Shane Pinto is hit by William Borgen.
10:09 of 3rd period - Slapshot by Mark Stone.
10:09 of 3rd period - Shot Misses the Net.
10:11 of 3rd period - Snap shot by Taylor Raddysh.
10:11 of 3rd period - Goal by Taylor Raddysh - Sharks : 5 - Golden Knights : 2.
10:12 of 3rd period - Shane Pinto wins face-off versus Daniil But in neutral zone.
10:39 of 3rd period - Frederick Gaudreau is hit by Taylor Raddysh and loses puck.
10:58 of 3rd period - Snap shot by Dustin Brown.
10:58 of 3rd period - Shot Misses the Net.
11:00 of 3rd period - Snap shot by Noel Acciari.
11:00 of 3rd period - Stopped by Sergei Bobrovsky with a rebound.
11:02 of 3rd period - Snap shot by Carl Grundstrom.
11:02 of 3rd period - Shot Misses the Net.
11:06 of 3rd period - Snap shot by Carl Grundstrom.
11:06 of 3rd period - Stopped by Sergei Bobrovsky without a rebound.
11:07 of 3rd period - Sidney Crosby wins face-off versus Shane Pinto in Golden Knights zone.
11:16 of 3rd period - Snap shot by Sidney Crosby.
11:16 of 3rd period - Shot Misses the Net.
11:56 of 3rd period - Mark Giordano is hit by Mark Stone and loses puck.
12:13 of 3rd period - Nick Blankenburg is hit by Nick Ritchie.
12:33 of 3rd period - Patrick Brown is hit by Sidney Crosby and loses puck.
13:07 of 3rd period - Minor Penalty to Joel Farabee for Hooking.
13:08 of 3rd period - Patrick Brown wins face-off versus Frederick Gaudreau in Golden Knights zone.
13:08 of 3rd period - Patrick Brown is hit by Daniil But.
13:56 of 3rd period - Slapshot by Brett Pesce.
13:56 of 3rd period - Shot Hit the Post.
14:12 of 3rd period - Nick Blankenburg is hit by Sidney Crosby and loses puck.
14:31 of 3rd period - Icing by Esa Lindell.
14:32 of 3rd period - Auston Matthews wins face-off versus Patrick Brown in Sharks zone.
14:32 of 3rd period - Auston Matthews is hit by Patrick Brown.
14:34 of 3rd period - Penalty to Tomas Hertl is over, Tomas Hertl is back on ice.
14:46 of 3rd period - William Borgen is hit by Mike Matheson and loses puck.
15:06 of 3rd period - Backhand shot by Mike Matheson.
15:06 of 3rd period - Shot Blocked by Esa Lindell.
15:07 of 3rd period - Penalty to Joel Farabee is over, Joel Farabee is back on ice.
15:18 of 3rd period - Jared Spurgeon is hit by Noel Acciari and loses puck.
15:56 of 3rd period - Sidney Crosby is hit by Kieffer Bellows and loses puck.
16:29 of 3rd period - Slapshot by Carl Grundstrom.
16:29 of 3rd period - Stopped by Sergei Bobrovsky without a rebound.
16:30 of 3rd period - Dustin Brown wins face-off versus Tomas Hertl in Golden Knights zone.
16:41 of 3rd period - Slapshot by Tomas Hertl.
16:41 of 3rd period - Deflect By Mark Stone.
16:41 of 3rd period - Shot Misses the Net.
16:41 of 3rd period - Puck is out of play.
16:42 of 3rd period - Sidney Crosby wins face-off versus Shane Pinto in Sharks zone.
16:51 of 3rd period - Snap shot by Sidney Crosby.
16:51 of 3rd period - Shot Blocked by Mike Matheson.
16:57 of 3rd period - Wrist shot by Josh Morrissey.
16:57 of 3rd period - Shot Misses the Net.
17:18 of 3rd period - Snap shot by Gustav Nyquist.
17:18 of 3rd period - Stopped by Sergei Bobrovsky with a rebound.
18:00 of 3rd period - Nick Ritchie is hit by Owen Power and loses puck.
18:59 of 3rd period - William Borgen is hit by Jared Spurgeon and loses puck.
19:10 of 3rd period - Snap shot by Nathan Bastian.
19:10 of 3rd period - Shot Blocked by William Borgen.
19:12 of 3rd period - Slapshot by Nick Blankenburg.
19:12 of 3rd period - Shot Blocked by Philip Broberg.
19:14 of 3rd period - Snap shot by Nathan Bastian.
19:14 of 3rd period - Stopped by Semyon Varlamov without a rebound.
19:15 of 3rd period - Derek Stepan wins face-off versus Pius Suter in Sharks zone.
Goals for this period are 1 for Sharks vs 2 for Golden Knights.
Shots for this period are 9 for Sharks vs 4 for Golden Knights.